Map: Troizinia LE

Players

ONEVSMANY - Winner!

  • Race: Protoss Protoss
  • League: Platinum
  • Spawn Location: 5:00

DoomsDay - Winner!

  • Race: Terran Terran
  • Spawn Location: 6:00

JaySlays - Winner!

  • Race: Protoss Protoss
  • Spawn Location: 3:00

Wolf - Winner!

  • Race: Protoss Protoss
  • League: Diamond
  • Spawn Location: 5:00

DarkPhoenix

  • Race: Protoss Protoss
  • League: Gold
  • Spawn Location: 11:00

Kirito

  • Race: Terran Terran
  • Spawn Location: 12:00

Joshie

  • Race: Protoss Protoss
  • League: Platinum
  • Spawn Location: 9:00

Hammer

  • Race: Protoss Protoss
  • League: Gold
  • Spawn Location: 11:00

VOD

Have the link to the VOD?

Description

Time

  • Played on: April 20, 2018, 11:58 p.m.
  • Length: 13:50
Show
View Real Time Build Order
Export as new Build Order

ONEVSMANY Protoss - Winner!

Build Orders:  

Get SALT Encoding   

  12  0:04  Probe  
  13  0:13  Pylon  
  13  0:14  Probe  
  14  0:22  Probe  
  15  0:35  Gateway  
  15  0:52  Probe  
  15  0:56  Forge  
  16  1:04  Probe  
  17  1:12  Pylon  
  17  1:16  Probe  
  18  1:25  Zealot  
  20  1:28  Probe  
  21  1:33  Photon Cannon  
  20  1:57  Photon Cannon  
  20  1:58  Pylon  
  20  2:13  Pylon  
  20  2:16  Photon Cannon  
  20  2:22  Photon Cannon  
  20  2:28  Probe  
  20  2:40  Probe, Photon Cannon  
  21  2:45  Pylon  
  21  2:53  Probe  
  21  2:55  Assimilator  
  22  3:05  Probe  
  23  3:12  Photon Cannon  
  23  3:15  Pylon, Probe  
  24  3:23  Probe  
  24  3:25  Assimilator  
  24  3:31  Probe  
  24  3:52  Photon Cannon  
  24  3:55  Pylon  
  24  3:58  Probe  
  25  4:07  Probe  
  25  4:09  Cybernetics Core  
  25  4:15  Probe  
  27  4:24  Probe  
  28  4:36  Probe  
  29  4:48  Probe  
  29  4:50  Stargate  
  30  4:57  Nexus  
  30  5:00  Probe  
  31  5:10  Probe, Nexus  
  32  5:18  Probe  
  32  5:27  Probe  
  34  5:39  Probe  
  34  5:42  Phoenix  
  37  5:51  Stargate  
  37  6:03  Pylon  
  37  6:06  Pylon  
  37  6:09  Probe, Pylon  
  38  6:21  Probe x2  
  40  6:31  Fleet Beacon  
  40  6:32  Assimilator  
  40  6:33  Probe x2  
  40  6:35  Probe  
  40  6:37  Assimilator  
  43  6:43  Probe  
  43  6:46  Probe x2, Protoss Air Weapons Level 1  
  46  6:58  Probe  
  46  7:02  Phoenix x2  
  49  7:12  Probe x2  
  51  7:20  Anion Pulse-Crystals  
  51  7:24  Probe x2  
  51  7:26  Assimilator  
  53  7:30  Assimilator  
  53  7:34  Pylon  
  53  7:38  Pylon  
  53  7:42  Probe  
  54  7:52  Probe, Phoenix  
  54  7:54  Probe  
  58  7:59  Phoenix, Nexus  
  58  8:04  Probe  
  61  8:06  Probe  
  62  8:16  Probe  
  63  8:25  Nexus  
  63  8:29  Phoenix  
  63  8:30  Phoenix  
  67  8:35  Probe  
  67  8:36  Probe  
  69  8:45  Protoss Shields Level 1  
  69  8:47  Probe  
  69  8:48  Protoss Air Weapons Level 2  
  70  8:56  Cybernetics Core  
  70  9:06  Probe  
  70  9:07  Probe  
  70  9:10  Phoenix  
  70  9:15  Probe  
  70  9:17  Photon Cannon  
  74  9:18  Probe  
  74  9:20  Probe  
  74  9:24  Probe  
  77  9:26  Probe  
  77  9:27  Assimilator  
  77  9:28  Probe  
  79  9:32  Probe, Assimilator  
  79  9:34  Probe  
  79  9:38  Probe  
  82  9:39  Probe  
  82  9:42  Phoenix x2  
  82  9:43  Probe  
  82  9:44  Probe  
  89  9:50  Probe  
  89  9:51  Probe  
  92  9:53  Pylon  
  92  9:55  Probe  
  92  9:56  Pylon, Probe  
  92  9:59  Stargate  
  94  10:01  Protoss Air Armor Level 1  
  94  10:06  Probe x2  
  96  10:07  Probe  
  96  10:08  Probe  
  98  10:18  Probe x2  
  98  10:19  Probe  
  98  10:20  Probe  
  102  10:25  Pylon  
  102  10:29  Pylon  
  102  10:30  Probe x2  
  102  10:31  Pylon x2, Probe  
  102  10:33  Probe  
  106  10:39  Photon Cannon  
  106  10:41  Phoenix  
  106  10:42  Probe x2, Photon Cannon  
  110  10:43  Probe  
  110  10:44  Photon Cannon, Phoenix  
  110  10:45  Probe  
  110  10:46  Phoenix  
  116  10:54  Probe  
  116  10:55  Probe x2  
  119  10:57  Probe  
  120  11:05  Nexus  
  120  11:06  Probe  
  120  11:07  Probe, Pylon  
  120  11:08  Pylon  
  120  11:09  Pylon, Probe  
  120  11:10  Probe, Phoenix  
  126  11:12  Assimilator x2  
  126  11:18  Probe  
  126  11:19  Probe  
  126  11:20  Phoenix x2  
  132  11:35  Phoenix  
  122  11:44  Phoenix  
  122  11:45  Phoenix  
  116  12:00  Phoenix  
  118  12:09  Phoenix  
  118  12:10  Phoenix  
  122  12:15  Probe  
  122  12:16  Probe x3  
  126  12:25  Phoenix  
  126  12:26  Probe  
  126  12:28  Probe x4  
  133  12:34  Phoenix  
  133  12:35  Phoenix  
  137  12:38  Probe  
  137  12:40  Probe x3  
  127  12:50  Phoenix  
  127  12:54  Stargate  
  127  12:57  Stargate  
  127  12:59  Phoenix, Stargate  
  127  13:00  Phoenix, Stargate  
  131  13:15  Phoenix  
  131  13:19  Twilight Council  
  133  13:24  Phoenix  
  133  13:25  Phoenix  
  137  13:32  Probe  
  137  13:33  Probe x4  
Show
View Real Time Build Order
Export as new Build Order

DoomsDay Terran - Winner!

Build Orders:  

Get SALT Encoding   

  12  0:05  SCV  
  13  0:22  Supply Depot  
  13  0:23  SCV  
  14  0:35  Supply Depot, SCV  
  15  0:48  Barracks  
  15  0:49  SCV  
  16  1:01  SCV  
  17  1:13  SCV  
  17  1:14  Barracks  
  18  1:29  Barracks  
  18  1:35  Barracks  
  18  1:47  Marine, Barracks  
  19  2:01  Marine  
  19  2:07  Marine  
  21  2:17  Marine  
  21  2:20  Marine  
  23  2:23  Marine  
  23  2:29  Supply Depot, Marine  
  25  2:35  Marine x2  
  27  2:41  Marine  
  28  2:47  Marine  
  29  2:53  Marine, Supply Depot  
  30  3:14  Marine x4  
  31  3:43  Marine x5  
  35  4:10  Marine x4  
  37  4:30  Marine x5  
  37  4:46  Refinery  
  37  4:49  Refinery  
  37  4:52  SCV  
  38  4:57  Command Center  
  38  5:04  SCV  
  34  5:17  SCV  
  35  5:31  Engineering Bay  
  35  5:36  Engineering Bay  
  35  5:37  Supply Depot  
  35  5:38  Orbital Command  
  35  5:40  Barracks Reactor  
  35  5:45  Barracks Tech Lab  
  35  5:46  Barracks Reactor  
  35  5:56  Barracks Tech Lab  
  34  6:05  SCV  
  35  6:12  Marine, Marauder  
  35  6:13  Orbital Command  
  35  6:16  Refinery  
  35  6:17  SCV  
  35  6:18  Terran Infantry Weapons Level 1  
  39  6:28  Marine x2  
  39  6:29  SCV, Marauder  
  44  6:34  Terran Infantry Armor Level 1  
  44  6:41  SCV, Marauder  
  47  6:53  SCV  
  48  7:05  SCV  
  49  7:12  Marauder x2  
  53  7:15  SCV  
  53  7:18  SCV  
  53  7:20  Factory  
  55  7:28  SCV  
  55  7:29  Stimpack  
  56  7:30  SCV, Concussive Shells  
  56  7:37  Refinery  
  57  7:40  SCV  
  57  7:42  SCV  
  59  7:47  Barracks Tech Lab  
  59  7:51  Marine  
  59  7:52  Marauder  
  59  7:53  SCV  
  59  7:54  SCV  
  64  8:09  Starport  
  64  8:12  Marine, Starport  
  64  8:13  Marauder  
  64  8:14  Marauder  
  64  8:17  Supply Depot  
  64  8:19  Supply Depot  
  69  8:20  Supply Depot  
  69  8:33  Marine  
  70  8:39  Marine, SCV x2, Marauder x2  
  77  8:48  Starport Reactor  
  77  8:52  Starport Tech Lab  
  77  8:59  SCV x2  
  79  9:04  Armory  
  79  9:12  Marine, Marauder x2  
  79  9:17  Medivac  
  86  9:19  Command Center  
  86  9:25  Marine, Marauder  
  89  9:33  Marauder  
  89  9:35  Medivac  
  93  9:46  SCV  
  94  10:02  Sensor Tower  
  94  10:08  Supply Depot  
  94  10:13  Supply Depot  
  94  10:18  Supply Depot  
  94  10:20  Supply Depot  
  94  10:29  Medivac, SCV  
  94  10:30  Marauder x2  
  94  10:31  Marauder  
  103  10:42  Sensor Tower, Planetary Fortress  
  103  10:45  Marine  
  103  10:49  Terran Infantry Weapons Level 2  
  104  10:51  Marauder x2  
  104  10:52  Terran Infantry Armor Level 2, Marauder  
  110  11:10  Medivac, Refinery  
  112  11:13  Marauder x2  
  112  11:16  Refinery  
  116  11:32  Sensor Tower  
  116  11:37  Marine x3  
  116  11:38  Marauder  
  121  11:41  Medivac  
  121  11:42  Medivac  
  125  11:48  Marine x2  
  125  11:49  Medivac, Marauder  
  122  12:11  Medivac  
  112  12:21  Medivac x2  
  114  12:26  Marine x3  
  114  12:27  Marauder  
  119  12:41  Medivac  
  119  12:43  Marine x3  
  124  12:49  Marauder  
  124  12:51  Medivac x2  
  130  13:11  Medivac  
  130  13:27  Marine x3  
  130  13:28  Marine  
Show
View Real Time Build Order
Export as new Build Order

JaySlays Protoss - Winner!

Build Orders:  

Get SALT Encoding   

  12  0:01  Probe  
  13  0:13  Probe  
  14  0:24  Pylon  
  14  0:25  Probe  
  15  0:38  Probe  
  16  0:45  Gateway  
  16  0:46  Probe  
  16  0:52  Assimilator  
  17  0:57  Probe  
  18  1:08  Assimilator  
  18  1:09  Probe  
  19  1:21  Probe  
  19  1:24  Pylon  
  20  1:34  Probe  
  20  1:39  Cybernetics Core  
  21  1:46  Probe  
  22  1:58  Probe  
  23  2:09  Warp Gate  
  23  2:10  Nexus  
  23  2:16  Probe  
  24  2:29  Shield Battery  
  24  2:33  Gateway  
  24  2:36  Probe  
  25  2:43  Stalker  
  27  2:52  Probe  
  28  2:59  Gateway  
  28  3:04  Probe  
  29  3:11  Twilight Council  
  29  3:14  Stalker  
  29  3:16  Probe  
  30  3:26  Probe  
  33  3:28  Probe  
  34  3:38  Probe  
  34  3:40  Probe  
  36  3:45  Gateway  
  36  3:50  Pylon, Probe  
  37  3:58  Probe  
  38  4:04  Probe  
  39  4:10  Robotics Facility  
  39  4:11  Probe  
  40  4:27  Charge  
  40  4:31  Nexus  
  40  4:34  Probe  
  40  4:36  Probe  
  42  4:42  Assimilator  
  42  4:43  Probe  
  42  4:44  Probe  
  42  4:47  Assimilator  
  42  4:50  Pylon  
  42  4:52  Probe x2  
  46  5:04  Probe, Stargate x2  
  47  5:08  Probe  
  48  5:16  Probe  
  48  5:20  Probe  
  50  5:21  Forge  
  50  5:27  Probe  
  50  5:32  Probe  
  50  5:34  Pylon  
  52  5:35  Probe  
  52  5:37  Pylon  
  53  5:43  Probe x2  
  53  5:45  Probe  
  56  5:55  Probe x2  
  56  5:57  Probe, Fleet Beacon  
  59  5:59  Stargate  
  59  6:02  Stargate  
  59  6:07  Probe x2  
  59  6:09  Probe, Assimilator  
  62  6:13  Assimilator  
  62  6:19  Probe x2  
  62  6:20  Photon Cannon  
  62  6:21  Probe  
  62  6:22  Photon Cannon  
  62  6:24  Photon Cannon  
  65  6:31  Probe x2, Tempest  
  65  6:32  Tempest  
  67  6:33  Probe  
  67  6:39  Tempest  
  68  6:43  Probe  
  87  7:01  Protoss Air Weapons Level 1  
  87  7:05  Pylon  
  87  7:06  Pylon  
  87  7:13  Probe x3  
  90  7:22  Tempest  
  90  7:24  Tempest  
  90  7:26  Nexus  
  90  7:29  Tempest  
  102  7:33  Pylon  
  102  7:34  Pylon  
  102  7:36  Pylon  
  108  7:45  Pylon  
  108  7:50  Tempest  
  108  7:51  Pylon  
  114  7:54  Probe x3  
  117  8:05  Tempest  
  117  8:06  Probe  
  117  8:07  Pylon, Tempest  
  118  9:00  Tempest x4  
  136  9:09  Probe  
  138  9:10  Probe x2  
  133  9:17  Stalker x4  
  128  9:47  Tempest x4  
  128  9:50  Probe x3  
  128  9:52  Protoss Air Weapons Level 2  
  131  9:58  Photon Cannon  
  131  9:59  Photon Cannon  
  155  10:01  Photon Cannon  
  155  10:02  Probe x2  
  155  10:03  Probe  
  158  10:14  Probe  
  158  10:16  Stargate  
  158  10:17  Assimilator  
  158  10:21  Assimilator  
  157  10:32  Pylon  
  151  10:38  Tempest x2  
  163  10:50  Tempest  
  169  11:00  Pylon  
  169  11:01  Pylon  
  169  11:03  Probe x3, Pylon  
  169  11:04  Pylon  
  172  11:06  Pylon  
  172  11:07  Pylon  
  172  11:09  Shield Battery  
  172  11:10  Tempest  
  172  11:11  Shield Battery  
  172  11:13  Shield Battery  
  178  11:23  Tempest x3  
  148  11:33  Tempest  
  168  11:50  Tempest  
  173  12:05  Tempest  
  173  12:06  Tempest  
  185  12:22  Probe, Nexus  
  185  12:24  Pylon  
  185  12:26  Pylon  
  185  12:29  Pylon  
  186  12:30  Probe  
  186  12:31  Pylon  
  186  12:33  Pylon  
  187  12:40  Probe  
  188  12:46  Tempest x2  
  200  13:20  Assimilator  
  200  13:24  Assimilator  
Show
View Real Time Build Order
Export as new Build Order

Wolf Protoss - Winner!

Build Orders: 1 Gate Expand, Oracle Opening 

Get SALT Encoding   

  12  0:02  Probe  
  13  0:14  Probe  
  14  0:21  Pylon  
  14  0:26  Probe  
  15  0:40  Gateway  
  15  0:41  Probe  
  16  0:45  Assimilator  
  16  1:02  Probe  
  17  1:20  Nexus  
  17  1:23  Probe  
  18  1:35  Cybernetics Core  
  18  1:37  Probe  
  19  1:45  Probe, Assimilator  
  20  1:55  Probe  
  21  2:07  Probe  
  22  2:10  Pylon  
  22  2:11  Warp Gate  
  22  2:19  Probe  
  23  2:29  Adept  
  25  2:31  Probe x2  
  27  2:39  Probe  
  27  2:40  Probe  
  29  2:49  Probe x2  
  29  2:53  Stargate  
  29  2:56  Adept  
  33  3:01  Probe x2  
  35  3:10  Pylon  
  35  3:13  Probe x2  
  37  3:25  Probe x2  
  39  3:34  Twilight Council  
  39  3:37  Probe, Oracle  
  39  3:38  Probe  
  44  3:44  Assimilator  
  44  3:50  Probe x2  
  44  3:51  Gateway  
  46  4:00  Gateway  
  46  4:03  Robotics Facility  
  46  4:05  Probe x2  
  48  4:11  Oracle, Assimilator  
  48  4:15  Probe  
  48  4:16  Probe  
  51  4:23  Probe  
  53  4:30  Pylon  
  53  4:31  Pylon  
  54  4:43  Oracle  
  54  4:48  Probe x2  
  59  5:20  Immortal, Oracle  
  62  5:23  Charge  
  66  5:41  Forge x2  
  66  5:46  Stargate  
  66  5:48  Stargate  
  66  5:53  Observer  
  66  5:54  Probe x2  
  68  6:00  Pylon  
  68  6:03  Pylon  
  69  6:07  Pylon  
  69  6:17  Nexus  
  69  6:18  Void Ray  
  69  6:19  Pylon x2  
  69  6:22  Probe, Pylon  
  69  6:23  Probe  
  73  6:42  Stalker x3  
  77  7:06  Immortal  
  77  7:20  Protoss Ground Weapons Level 1  
  81  7:24  Void Ray x3  
  93  7:30  Fleet Beacon  
  93  7:39  Nexus  
  93  7:41  Assimilator  
  93  7:44  Protoss Ground Armor Level 1  
  93  7:46  Assimilator  
  93  7:47  Pylon  
  93  7:48  Pylon x2  
  93  7:50  Pylon  
  93  7:52  Pylon  
  93  7:54  Pylon  
  93  8:02  Immortal  
  94  8:48  Void Ray x3  
  98  8:49  Resonating Glaives  
  98  8:51  Immortal, Zealot x3  
  116  9:10  Gateway  
  116  9:15  Gateway  
  116  9:20  Gateway  
  116  9:22  Gateway  
  116  9:23  Immortal  
  116  9:31  Void Ray x2  
  128  9:38  Protoss Ground Weapons Level 2  
  128  9:42  Zealot x3  
  134  9:57  Immortal  
  134  10:03  Zealot x3  
  144  10:08  Void Ray  
  148  10:15  Probe x3  
  148  10:19  Zealot  
  153  10:23  Zealot x2  
  157  10:32  Pylon  
  157  10:33  Pylon  
  157  10:35  Pylon x3  
  157  10:38  Pylon  
  157  10:50  Probe x3, Pylon  
  157  10:55  Zealot  
  157  10:56  Zealot x4  
  170  11:02  Probe x3  
  173  11:05  Immortal  
  177  11:14  Probe x2  
  179  11:20  Probe  
  180  11:26  Probe x2  
  166  12:11  Void Ray x3  
  166  12:14  Immortal  
  180  12:16  Zealot x3  
  157  12:44  Void Ray x3  
  147  12:53  Immortal  
Show
View Real Time Build Order
Export as new Build Order

DarkPhoenix Protoss 

Build Orders:  

Get SALT Encoding   

  12  0:04  Probe  
  13  0:15  Probe  
  13  0:18  Pylon  
  14  0:23  Probe  
  15  0:33  Probe  
  15  0:39  Gateway  
  16  0:46  Probe  
  17  0:59  Pylon  
  17  1:01  Probe, Assimilator  
  18  1:13  Probe  
  19  1:20  Gateway  
  20  1:25  Probe  
  20  1:35  Cybernetics Core  
  20  2:12  Nexus  
  20  2:20  Warp Gate  
  20  2:23  Stalker x2  
  24  2:33  Assimilator  
  24  2:35  Probe  
  25  2:50  Probe  
  26  3:02  Probe  
  27  3:14  Probe  
  27  3:17  Stalker  
  30  3:24  Stalker  
  31  3:42  Probe x2  
  31  3:45  Pylon  
  31  3:46  Pylon  
  31  3:47  Stalker  
  33  3:51  Twilight Council  
  33  3:52  Pylon  
  33  3:54  Probe x2  
  33  4:00  Stalker  
  35  4:06  Probe  
  36  4:11  Charge  
  36  4:24  Probe  
  36  4:28  Probe  
  38  4:32  Probe  
  39  4:39  Gateway  
  39  4:40  Probe  
  39  4:41  Gateway  
  39  4:42  Gateway  
  39  4:43  Gateway  
  40  4:46  Gateway  
  40  4:58  Pylon  
  40  4:59  Probe x2  
  42  5:11  Probe x2  
  44  5:25  Stalker x2  
  48  5:36  Probe  
  48  5:40  Probe  
  48  5:42  Blink  
  50  5:43  Assimilator  
  50  5:46  Stalker x5  
  60  5:55  Robotics Facility  
  60  5:56  Gateway  
  60  5:59  Probe  
  60  6:03  Probe  
  62  6:14  Probe  
  62  6:17  Probe  
  50  7:04  Warp Prism  
  44  7:20  Gateway, Stalker  
  44  7:21  Gateway, Stalker x6  
  44  7:22  Stalker  
  60  7:30  Pylon, Forge  
  60  7:42  Forge  
  60  7:43  Pylon, Assimilator  
  60  7:44  Probe  
  61  7:54  Probe  
  61  7:56  Probe  
  63  8:10  Probe  
  63  8:12  Sentry x2, Nexus  
  68  8:28  Stalker x4  
  68  8:29  Stalker x2  
  72  9:30  Probe x2  
  74  9:42  Probe x2  
  72  9:46  Zealot x5  
  68  9:53  Protoss Ground Weapons Level 1, Protoss Ground Armor Level 1  
  68  9:54  Probe x2  
  68  9:57  Gateway x2  
  68  9:58  Stalker x2  
  68  9:59  Stalker x3  
  80  10:00  Stalker x3  
  80  10:01  Gateway  
  80  10:06  Probe  
  91  10:07  Immortal  
  91  10:10  Probe  
  92  10:14  Pylon  
  92  10:18  Probe  
  93  10:22  Probe  
  93  10:28  Robotics Facility x2  
  80  10:30  Probe  
  80  10:33  Zealot x5  
  80  10:34  Probe, Zealot x4  
  80  10:35  Zealot  
  102  10:43  Probe  
  102  10:45  Warp Prism  
  105  10:54  Templar Archives  
  105  10:57  Pylon, Assimilator  
  105  11:01  Assimilator  
  105  11:02  Zealot x4  
  105  11:03  Zealot x2  
  117  11:16  Pylon x2  
  117  11:17  Pylon x2  
  115  11:19  Pylon x2  
  107  11:38  High Templar x7  
  107  11:39  High Templar x3  
  123  11:42  Archon x2  
  123  11:43  Archon  
  109  11:51  Archon  
  109  11:52  Archon  
  105  12:01  Immortal x3  
  105  12:03  Zealot  
  105  12:04  Zealot x2  
  107  12:17  Zealot x3  
  107  12:18  Zealot x6  
  107  12:19  Zealot  
  75  12:45  High Templar x3  
  75  12:46  High Templar x2  
  83  12:52  Archon  
  83  12:54  Archon  
  73  13:09  Zealot x2  
  73  13:10  Zealot x5  
Show
View Real Time Build Order
Export as new Build Order

Kirito Terran 

Build Orders: Mech 

Get SALT Encoding   

  12  0:02  SCV  
  13  0:25  SCV  
  14  0:35  Supply Depot  
  14  0:38  Supply Depot, SCV  
  15  0:45  Supply Depot  
  15  0:57  SCV  
  16  1:06  Engineering Bay  
  16  1:09  SCV  
  17  1:13  Refinery  
  17  1:15  Refinery  
  17  1:21  SCV  
  18  1:33  Barracks  
  18  1:40  SCV  
  19  1:52  SCV  
  20  2:04  SCV  
  21  2:16  SCV  
  21  2:22  Factory  
  22  2:28  SCV  
  23  2:31  Reaper  
  24  2:48  Orbital Command  
  24  3:03  Command Center  
  24  3:09  Factory Tech Lab  
  24  3:18  SCV  
  25  3:22  Missile Turret  
  25  3:30  SCV  
  25  3:33  Sensor Tower  
  26  3:41  Siege Tank  
  29  3:42  SCV  
  30  3:54  SCV  
  31  4:07  Starport, SCV  
  32  4:19  SCV  
  32  4:23  Planetary Fortress  
  33  4:27  Siege Tank  
  33  4:31  SCV  
  37  4:42  Refinery x2  
  37  4:43  SCV  
  38  4:55  SCV  
  38  4:59  Siege Tank  
  42  5:07  SCV, Starport Reactor  
  42  5:11  SCV  
  44  5:19  SCV  
  45  5:23  SCV  
  46  5:31  SCV  
  46  5:35  Missile Turret, SCV  
  48  5:38  Missile Turret  
  48  5:41  Siege Tank  
  51  5:43  SCV, Command Center  
  51  5:47  SCV  
  53  5:55  SCV  
  54  5:58  Factory  
  54  6:03  Factory  
  54  6:15  Supply Depot  
  54  6:16  Supply Depot  
  54  6:18  Supply Depot  
  54  6:28  SCV x2  
  56  6:40  SCV x2  
  58  6:52  SCV x2  
  60  7:04  SCV x2  
  54  7:16  Planetary Fortress  
  54  7:17  SCV x2  
  55  7:26  Missile Turret  
  55  7:29  SCV x2  
  57  7:36  Missile Turret  
  57  7:37  Missile Turret  
  57  7:40  Missile Turret x2  
  57  7:41  SCV x2  
  59  7:47  Starport  
  59  7:50  Starport  
  59  7:54  Starport x2  
  59  7:55  Armory  
  59  7:57  Armory  
  59  8:01  Refinery  
  59  8:02  Refinery  
  59  8:15  Starport Tech Lab  
  57  8:30  Viking x4  
  65  8:45  Viking  
  67  9:00  SCV, Viking x4  
  76  9:12  SCV  
  76  9:15  Viking  
  79  9:18  SCV  
  79  9:24  SCV  
  81  9:30  SCV, Viking x4  
  90  9:36  SCV  
  91  9:42  Terran Ship Weapons Level 1, Terran Vehicle And Ship Armor Level 1  
  91  9:53  SCV x3  
  91  9:59  Missile Turret  
  94  10:00  Missile Turret  
  94  10:02  Missile Turret  
  94  10:03  Refinery  
  94  10:05  SCV x3  
  94  10:06  Command Center  
  97  10:10  Refinery  
  97  10:11  Starport Tech Lab x2  
  97  10:22  Starport Tech Lab  
  93  10:39  Factory Tech Lab x3  
  93  10:50  Sensor Tower  
  97  10:58  Corvid Reactor  
  93  11:09  Siege Tank x3  
  97  11:43  Viking x5  
  68  12:13  Viking x5  
  37  12:43  Viking x5  
  24  13:13  Viking x3  
Show
View Real Time Build Order
Export as new Build Order

Joshie Protoss 

Build Orders:  

Get SALT Encoding   

  12  0:02  Probe  
  13  0:14  Probe  
  13  0:19  Pylon  
  14  0:27  Probe  
  15  0:31  Assimilator  
  15  0:43  Probe  
  15  0:44  Gateway  
  16  0:51  Probe  
  17  0:59  Assimilator  
  17  1:01  Probe  
  18  1:23  Probe, Pylon  
  19  1:38  Probe, Cybernetics Core  
  19  1:43  Pylon  
  19  1:46  Probe  
  21  1:54  Probe  
  22  2:01  Gateway  
  22  2:05  Stalker  
  22  2:06  Probe  
  23  3:04  Stalker  
  16  6:31  Nexus  
Show
View Real Time Build Order
Export as new Build Order

Hammer Protoss 

Build Orders: 1 Gate Expand 

Get SALT Encoding   

  1  0:00  Probe  
  12  0:06  Probe  
  14  0:16  Probe  
  15  0:32  Pylon  
  15  0:46  Pylon  
  15  0:56  Gateway  
  15  1:08  Nexus  
  15  1:09  Probe  
  15  1:17  Probe  
  17  1:26  Assimilator  
  17  1:27  Probe  
  18  1:39  Assimilator  
  18  1:51  Probe  
  19  2:03  Probe  
  20  2:24  Probe  
  20  2:25  Forge  
  20  2:26  Pylon  
  21  2:32  Probe  
  22  2:41  Probe  
  22  2:42  Pylon  
  22  2:51  Cybernetics Core  
  23  2:54  Probe  
  24  3:02  Photon Cannon  
  24  3:06  Probe  
  24  3:08  Photon Cannon  
  24  3:10  Photon Cannon  
  25  3:16  Photon Cannon  
  25  3:25  Photon Cannon  
  25  3:42  Photon Cannon  
  25  3:43  Stalker  
  27  3:50  Probe, Photon Cannon  
  28  3:58  Probe  
  29  4:08  Probe  
  29  4:09  Photon Cannon  
  30  4:18  Pylon  
  30  4:23  Photon Cannon  
  30  4:36  Probe  
  30  4:39  Stargate  
  30  4:40  Probe  
  30  4:44  Probe  
  32  4:48  Probe  
  32  4:52  Stalker  
  36  4:54  Probe  
  36  4:57  Probe  
  37  5:06  Probe  
  33  5:09  Probe  
  26  5:18  Probe  
  24  5:22  Probe  
  24  5:26  Void Ray  
  29  5:30  Probe  
  30  5:42  Probe x2  
  31  5:47  Pylon  
  32  5:50  Probe  
  32  5:54  Probe  
  34  5:58  Pylon  
  34  6:00  Probe  
  35  6:06  Probe  
  36  6:12  Probe  
  37  6:35  Photon Cannon  
  37  6:39  Photon Cannon  
  36  6:48  Void Ray  
  36  6:51  Stargate  
  40  7:12  Pylon  
  40  7:13  Probe  
  40  7:17  Fleet Beacon  
  40  7:18  Photon Cannon  
  41  7:23  Probe  
  41  7:24  Assimilator  
  41  7:26  Assimilator  
  42  7:34  Probe  
  42  7:36  Photon Cannon  
  43  7:55  Photon Cannon  
  43  8:04  Carrier  
  49  8:17  Probe  
  49  8:25  Probe  
  49  8:26  Pylon  
  51  8:35  Probe  
  51  8:39  Carrier  
  58  8:47  Probe  
  59  9:39  Carrier  
  65  9:55  Protoss Air Weapons Level 1  
  65  9:57  Probe  
  65  9:59  Nexus  
  65  10:05  Probe  
  66  10:08  Stargate  
  67  10:14  Probe  
  67  10:16  Stargate  
  67  10:17  Stargate  
  67  10:21  Pylon  
  68  10:22  Pylon  
  68  10:26  Probe  
  69  10:38  Probe  
  69  10:39  Graviton Catapult  
  69  10:42  Carrier  
  76  10:57  Pylon  
  76  10:59  Carrier  
  82  11:09  Assimilator  
  80  11:14  Assimilator  
  68  11:50  Carrier x2  
  60  12:00  Probe  
  72  12:06  Carrier  
  72  12:08  Probe  
  74  12:18  Probe  
  81  12:30  Probe  
  81  12:31  Stargate  
  82  12:42  Probe  
Tags
 
Add a new tag
Caveats
  • Supply blocks, unpowered buildings, or Contaminate may cause inaccurate times.
  • Supply counts are checked every 10 seconds.